 Dungeon Crawl Stone Soup version 0.31-a0-152-g6aa68a64a1 (webtiles) character file.

Game seed: 2592169396909817503

67061 lmSkywalker the Cleaver (level 15, -35/119 HPs)
             Began as a Gnoll Reaver on Apr 13, 2023.
             Was the Champion of Cheibriados.
             Killed from afar by Nikola (81 damage)
             ... with an arc of chain lightning
             ... on level 4 of the Snake Pit on June 9, 2023.
             The game lasted 02:49:38 (31895 turns).

lmSkywalker the Cleaver (Gnoll Reaver)             Turns: 31895, Time: 02:49:39

Health: -35/119    AC: 18    Str: 32    XL:     15   Next: 21%
Magic:  25/30      EV: 18    Int: 32    God:    Cheibriados [******]
Gold:   1142       SH:  8    Dex: 25    Spells: 5/36 levels left

rFire   . . .        Z - +6 whip of Fatzemi {freeze, rC++ rCorr Int+2 Stlth+}
rCold   + + .        V - +0 buckler
rNeg    . . .        F - +0 chain mail
rPois   +            Q - +2 helmet
rElec   .            p - scarf {shadows}
rCorr   +            S - +0 pair of gloves
SInv    .            Y - +0 pair of boots
Will    +....        d - amulet of faith
Stlth   +++          A - ring of poison resistance
HPRegen 0.39/turn    c - ring of wizardry
MPRegen 0.22/turn

%: faith, wizardry (x1)
@: about to teleport, forested, very slow
A: fangs 1, strong nose, distributed training
a: Renounce Religion, Bend Time, Temporal Distortion, Slouch, Step From Time


You were on level 4 of the Snake Pit.
You worshipped Cheibriados.
Cheibriados was exalted by your worship.
You visited 4 branches of the dungeon, and saw 19 of its levels.
You also visited: Ossuary.

You collected 1142 gold pieces.

Inventory:

Hand Weapons
 M - a +1 vampiric great sword
 R - a +2 heavy halberd
 T - a +0 longbow
 Z - the +6 whip of Fatzemi (weapon) {freeze, rC++ rCorr Int+2 Stlth+}
   (You found it on level 2 of the Dungeon)

   Int:       It affects your intelligence (+2).
   rC:        It greatly protects you from cold.
   rCorr:     It protects you from acid and corrosion.
   Stlth:     It makes you more stealthy.
Missiles
 l - 9 curare-tipped darts
 y - 2 throwing nets
 E - 8 atropa-tipped darts
Armour
 p - a scarf of shadows (worn)
 F - a +0 chain mail (worn)
 Q - a +2 helmet (worn)
 S - a +0 pair of gloves (worn)
 V - a +0 buckler (worn)
 Y - a +0 pair of boots (worn)
Jewellery
 a - a ring of resist corrosion
 c - a ring of wizardry (right hand)
 d - an amulet of faith (around neck)
 e - a ring of willpower
 h - a +6 ring of intelligence
 A - a ring of poison resistance (left hand)
 W - a ring of magical power
Wands
 k - a wand of mindburst (8)
 D - a wand of roots (12)
 N - a wand of charming (22)
 X - a wand of quicksilver (5)
Scrolls
 i - 10 scrolls of teleportation
 v - a scroll of fear
 w - 5 scrolls of immolation
 z - a scroll of magic mapping
 B - a scroll of fog
 H - 2 scrolls of silence
 I - 3 scrolls of enchant armour
 J - a scroll of identify
 O - a scroll of blinking
 U - 3 scrolls of summoning
Potions
 g - 2 potions of resistance
 j - 5 potions of curing
 m - a potion of invisibility
 n - 3 potions of heal wounds
 o - 4 potions of brilliance
 q - 5 potions of lignification
 r - a potion of magic
 s - a potion of attraction
 t - a potion of cancellation
 u - 5 potions of enlightenment
 x - 4 potions of might
 K - a potion of ambrosia
Miscellaneous
 b - a phantom mirror
 f - a lightning rod (4/4)
 G - a box of beasts


   Skills:
 + Level 11.2 Fighting
 + Level 10.3 Short Blades
 + Level 10.3 Long Blades
 + Level 12.1 Axes
 + Level 10.3 Maces & Flails
 + Level 10.3 Polearms
 + Level 10.3 Staves
 + Level 10.3 Ranged Weapons
 + Level 10.3 Throwing
 + Level 10.3 Armour
 + Level 11.2 Dodging
 + Level 10.3 Stealth
 + Level 10.3 Shields
 + Level 10.3 Unarmed Combat
 + Level 11.4 Spellcasting
 + Level 10.2 Conjurations
 + Level 8.6 Hexes
 + Level 8.6 Summonings
 + Level 8.6 Necromancy
 + Level 8.6 Translocations
 + Level 8.6 Transmutations
 + Level 8.6 Fire Magic
 + Level 8.6 Ice Magic
 + Level 8.6 Air Magic
 + Level 8.6 Earth Magic
 + Level 8.6 Poison Magic
 + Level 11.2 Invocations
 + Level 10.3 Evocations


You had 5 spell levels left.
You knew the following spells:

 Your Spells              Type           Power      Damage    Failure   Level
a - Call Canine Familiar  Summ           65%        N/A       1%          3
b - Summon Guardian Gole  Hex/Summ       65%        N/A       1%          3
c - Summon Forest         Summ/Tloc      32%        N/A       2%          5
d - Ozocubu's Armour      Ice            65%        N/A       1%          3
e - Confusing Touch       Hex            65%        N/A       1%          3
f - Dispel Undead         Necr           65%        3d22      1%          4
g - Kiss of Death         Conj/Necr      100%       2d13      1%          1
h - Momentum Strike       Conj/Tloc      100%       3d10      1%          2
i - Passage of Golubria   Tloc           65%        N/A       1%          4
j - Hailstorm             Conj/Ice       68%        3d14      1%          3

Your spell library contained the following spells:

 Spells                   Type           Power      Damage    Failure   Level
 Slow                     Hex            100%       N/A       1%          1
 Summon Small Mammal      Summ           100%       N/A       1%          1
 Cigotuvi's Dreadful Rot  Necr/Pois/Air  100%       N/A       1%          2
 Ensorcelled Hibernation  Hex/Ice        100%       N/A       1%          2
 Passwall                 Tmut/Erth      54%        N/A       1%          2
 Ignite Poison            Fire/Tmut/Pois 65%        N/A       1%          3
 Swiftness                Air            65%        N/A       1%          3
 Vampiric Draining        Necr           65%        2d10      1%          3
 Leda's Liquefaction      Hex/Erth       32%        N/A       1%          4
 Freezing Cloud           Conj/Ice/Air   33%        6-21      2%          5
 Lee's Rapid Deconstruct  Erth           32%        3d17*     2%          5
 Silence                  Hex/Air        32%        N/A       2%          5
 Summon Mana Viper        Hex/Summ       65%        N/A       2%          5
 Leda's Unmaking          Conj/Erth      34%        9d6       12%         6
 Statue Form              Tmut/Erth      43%        N/A       16%         6
 Summon Cactus Giant      Summ           32%        N/A       16%         6
 Orb of Destruction       Conj           35%        9d10      38%         7
 Spellforged Servitor     Conj/Summ      34%        N/A       50%         7
 Malign Gateway           Summ/Tloc      32%        N/A       61%         7
 Ozocubu's Refrigeration  Ice            32%        4d14      61%         7
 Lehudib's Crystal Spear  Conj/Erth      34%        10d9      99%         8
 Summon Horrible Things   Summ           32%        N/A       99%         8


Dungeon Overview and Level Annotations

Branches:
Dungeon (9/15)             Temple (0/1) D:5            Lair (5/5) D:9
 Shoals (0/4) Lair:2        Snake (4/4) Lair:3        Slime (0/5) Lair:4
    Orc (1/2) D:9         Ossuary (visited)

Altars:
Ashenzari
Cheibriados
Elyvilon
Fedhas
Gozag
Hepliaklqana
Makhleb
Nemelex Xobeh
Qazlal
Trog
Xom
The Shining One
Jiyva

Shops:
Orc:1 (   Snake:1 *   Snake:2 [

Annotations:
D:3 Sigmund
D:5 Ijyb, Prince Ribbit
D:7 Maurice
Lair:4 4 runed translucent doors, Bekuax's ghost, journeyman MfIE
Snake:4 Nikola


Innate Abilities, Weirdness & Mutations

You have very sharp teeth.
Your uncanny sense of smell can sniff out nearby items.
Your experience applies equally to all skills.


Message History

The naga sharpshooter is hit by a branch!
A tree reaches out and hits the naga sharpshooter!
Your warg bites the naga sharpshooter!
The arrow hits your guardian golem!
Your guardian golem disappears in a puff of smoke!
Your guardian golem explodes!
The fiery explosion engulfs your warg!!
The fiery explosion engulfs the naga sharpshooter!!! x2
The naga sharpshooter dies!
Cheibriados appreciates the change of pace.
The naga sharpshooter is engulfed in blazing flames.
The naga sharpshooter dies!
Cheibriados appreciates the change of pace.
Your warg is engulfed in blazing flames.
Press: ? - help, v - describe, . - travel
Here: a dryad (summoned, sheltered from injuries, friendly)
The floor.
Unknown command.
Okay, then.
Welcome back, lmSkywalker the Gnoll Reaver.
Cheibriados says: Take it easy.
Press ? for a list of commands and other information.
Trunks creak and shift.
Your warg is engulfed in blazing flames.
Your warg dies!
Your warg's corpse disappears in a puff of smoke!
Nikola the Mad Inventor comes into view.
He is wielding a +4 rapier of electrocution and wearing a +0 cloak of willpower.
Nikola gestures at you while chanting. The bolt of lightning hits you!!!
The bolt of lightning hits your snaplasher vine segment!!
Your snaplasher vine resists with some effort.
You hear an angry hiss. x3; You hear a shout! x4
There is a stone staircase leading up here.
As you read the scroll of teleportation, it crumbles to dust.
You feel strangely unstable.
The trees move their gnarly branches around.
A tree reaches out and hits Nikola!
Nikola mumbles some strange words.
Lightning arcs from Nikola's hands!
The bolt of lightning hits you!!!!
Ouch! That really hurt!
You die...

.......##
#.#.....
§)#....
§.♣#... #♣☼##
# .... ♣.
♣#..#
.###.♣♣#♣>.♣♣
.....@@R<...#
..#♣#♣#♣.\#Λ♣
#...V.─.
#♣.♣#......
#... ...##.
..♣.. ...#
[...♣ ?...


You could see Nikola (ally target) and a friendly dryad (summoned).

Vanquished Creatures
  A salamander tyrant (Snake:2)
  A hydra (Lair:4)
  2 centaur warriors (D:9)
  An anaconda (Snake:1)
  A boulder beetle (Lair:1)
  2 naga warriors
  2 skysharks
  Amaemon (D:8)
  A naga ritualist (Snake:1)
  A cyclops (D:9)
  2 harpies (Lair:2)
  2 salamanders
  2 ugly things (D:9)
  A mana viper (Snake:2)
  An elephant (Lair:4)
  An orange demon (D:8)
  8 black mambas
  A guardian serpent (Lair:3)
  A naga mage (Snake:1)
  4 cane toads
  2 rime drakes (Lair:4)
  2 komodo dragons
  2 kobold demonologists (D:9)
  A meliai (D:9)
  2 polar bears (Lair:2)
  A hornet (Lair:5)
  A blink frog (shapeshifter) (D:8)
  11 blink frogs
  A vampire (D:9)
  17 yaks
  2 spriggans (Lair:5)
  A wraith (D:9)
  3 wyverns
  A shadow (D:9)
  A basilisk (Lair:1)
  Menkaure (D:5)
  3 steam dragons
  A naga (Snake:1)
  Edmund (D:5)
  An acid dragon (D:9)
  7 water moccasins
  7 orc warriors
  An ice beast (D:5)
  2 black bears
  An ogre (D:5)
  A boggart (Lair:5)
  10 wolves (Lair:5)
  A centaur (D:9)
  2 elf zombies (Ossuary)
  3 kobold brigands (D:9)
  8 bullfrogs
  5 scorpions
  27 killer bees
  A howler monkey (D:9)
  A centaur zombie (Ossuary)
  4 jellies
  2 human zombies (Ossuary)
  7 orc priests
  3 hounds
  2 iguanas
  7 orc wizards
  A hell rat (Lair:5)
  2 mummies (Ossuary)
  5 gnolls
  2 adders
  2 ufetubi (D:6)
  An adder zombie (Ossuary)
  A worm (D:2)
  4 dart slugs
  19 orcs
  7 ball pythons
  4 endoplasms
  4 giant cockroaches
  4 goblins
  8 hobgoblins
  3 jackals (D:3)
  9 kobolds
  2 quokkas
  4 bats
  4 frilled lizards (D:1)
  6 hobgoblin zombies (Ossuary)
  2 jackal zombies (Ossuary)
  8 kobold zombies (Ossuary)
  12 orc zombies (Ossuary)
  4 rats
  2 rat zombies (Ossuary)
313 creatures vanquished.

Vanquished Creatures (collateral kills)
  A hydra (Lair:5)
  3 anacondas
  A naga warrior (Snake:1)
  3 naga sharpshooters (Snake:2)
  A salamander mystic (Snake:2)
  A lindwurm (Lair:5)
  A naga ritualist (Snake:1)
  3 mana vipers
  2 orc knights (Orc:1)
  4 salamanders (Snake:1)
  An orc sorcerer (Orc:1)
  3 elephants
  11 black mambas
  A guardian serpent (Snake:1)
  5 cane toads
  A torpor snail (Lair:4)
  3 naga magi
  7 komodo dragons
  A rime drake (Lair:5)
  A troll (D:9)
  3 polar bears (Lair:5)
  3 hornets (Lair:5)
  4 blink frogs
  7 spriggans (Lair:5)
  13 yaks
  6 basilisks
  3 nagas (Snake:2)
  7 water moccasins
  An orc warrior (Orc:1)
  A black bear (Lair:5)
  2 boggarts (Lair:5)
  2 ogres (Orc:1)
  3 wolves (Lair:5)
  10 bullfrogs
  2 orc priests (Orc:1)
  2 orc wizards
  4 hell rats (Lair:5)
  8 orcs
135 creatures vanquished.

Vanquished Creatures (others)
  A two-headed ogre (D:9)
  A naga warrior (Snake:2)
  2 naga sharpshooters (Snake:4)
  A naga ritualist (Snake:2)
  A harpy (Lair:2)
  A mana viper (Snake:1)
  4 black mambas
  4 cane toads
  A naga mage (Snake:1)
  A hornet (Lair:5)
  A polar bear (Lair:5)
  A blink frog (Lair:2)
  6 spriggans (Lair:5)
  7 yaks
  A naga (Snake:4)
  An orc warrior (D:9)
  A black bear (Lair:5)
  A boggart (Lair:5)
  A wolf (Lair:5)
  A hell rat (Lair:5)
  2 orcs
  7 snaplasher vines
47 creatures vanquished.

Grand Total: 495 creatures vanquished

Notes
Turn   | Place    | Note
-------+----------+-------------------------------------------
     0 | D:1      | lmSkywalker the Gnoll Reaver began the quest for the Orb.
     0 | D:1      | Reached XP level 1. HP: 20/20 MP: 6/6
   119 | D:1      | Reached XP level 2. HP: 16/26 MP: 5/7
   196 | D:1      | Found a faded altar of an unknown god.
   208 | D:1      | Prayed at the altar of an unknown god.
   208 | D:1      | Became a worshipper of Cheibriados the Contemplative
   208 | D:1      | Reached * piety under Cheibriados
   344 | D:1      | Learned a level 2 spell: Momentum Strike
   506 | D:1      | Reached skill level 5 in Spellcasting
   506 | D:1      | Reached XP level 3. HP: 26/31 MP: 7/9
   970 | D:1      | Upgraded the game from 0.30-a0-1074-g5db6f66fbb to
                  | 0.31-a0-117-g42d8f58691
  1011 | D:2      | Reached ** piety under Cheibriados
  1053 | D:2      | Reached skill level 1 in Invocations
  1369 | D:2      | Identified the +6 whip of Fatzemi {freeze, rC++ rCorr Int+2
                  | Stlth+}
  1385 | D:2      | Reached skill level 1 in Short Blades
  1385 | D:2      | Reached skill level 1 in Long Blades
  1385 | D:2      | Reached skill level 1 in Maces & Flails
  1385 | D:2      | Reached skill level 1 in Polearms
  1385 | D:2      | Reached skill level 1 in Staves
  1385 | D:2      | Reached skill level 1 in Ranged Weapons
  1385 | D:2      | Reached skill level 1 in Throwing
  1385 | D:2      | Reached skill level 1 in Armour
  1385 | D:2      | Reached skill level 1 in Stealth
  1385 | D:2      | Reached skill level 1 in Shields
  1385 | D:2      | Reached skill level 1 in Unarmed Combat
  1385 | D:2      | Reached skill level 1 in Evocations
  1735 | D:3      | Noticed Sigmund
  1750 | D:2      | Reached XP level 4. HP: 38/38 MP: 8/11
  2291 | D:3      | Reached skill level 1 in Hexes
  2291 | D:3      | Reached skill level 1 in Summonings
  2291 | D:3      | Reached skill level 1 in Necromancy
  2291 | D:3      | Reached skill level 1 in Translocations
  2291 | D:3      | Reached skill level 1 in Transmutations
  2291 | D:3      | Reached skill level 1 in Fire Magic
  2291 | D:3      | Reached skill level 1 in Ice Magic
  2291 | D:3      | Reached skill level 1 in Air Magic
  2291 | D:3      | Reached skill level 1 in Earth Magic
  2291 | D:3      | Reached skill level 1 in Poison Magic
  2408 | D:4      | Reached *** piety under Cheibriados
  2416 | D:4      | Found a sand-covered staircase.
  2420 | D:4      | Reached XP level 5. HP: 43/43 MP: 9/12
  2437 | Ossuary  | Entered an ossuary
  2480 | Ossuary  | Learned a level 3 spell: Hailstorm
  2819 | Ossuary  | Reached XP level 6. HP: 34/50 MP: 13/13
  2888 | Ossuary  | Reached skill level 5 in Fighting
  2888 | Ossuary  | Reached skill level 5 in Dodging
  3424 | D:4      | Reached skill level 7 in Axes
  3424 | D:4      | Reached XP level 7. HP: 40/56 MP: 15/15
  3482 | D:4      | Found a stormy altar of Qazlal.
  3482 | D:4      | Found a burning altar of Makhleb.
  3483 | D:4      | Found a shimmering altar of Xom.
  3700 | D:4      | Reached **** piety under Cheibriados
  3903 | D:5      | Entered Level 5 of the Dungeon
  4176 | D:5      | Identified the ring "Cuysul" {Fire rElec Stlth+}
  4358 | D:5      | Noticed an angel
  4378 | D:5      | Found a staircase to the Ecumenical Temple.
  4387 | D:5      | Noticed Edmund
  4404 | D:5      | Killed Edmund
  4516 | D:5      | Reached XP level 8. HP: 50/58 MP: 9/16
  4695 | D:5      | Noticed Prince Ribbit
  4701 | D:5      | Noticed Ijyb
  4715 | D:5      | Noticed a rust devil
  4762 | D:5      | Noticed Menkaure
  6096 | D:7      | Reached XP level 9. HP: 69/69 MP: 18/18
  6428 | D:7      | Found a broken altar of Ashenzari.
  6511 | D:7      | Found a hazy altar of Hepliaklqana.
  6512 | D:7      | Found a bloodstained altar of Trog.
  6517 | D:7      | Found a glowing golden altar of the Shining One.
  6519 | D:7      | Found a white marble altar of Elyvilon.
  6523 | D:7      | Found a blossoming altar of Fedhas.
  6528 | D:7      | Found a sparkling altar of Nemelex Xobeh.
  6691 | D:8      | Found an opulent altar of Gozag.
  6837 | D:8      | Noticed Amaemon
  6984 | D:7      | Reached ***** piety under Cheibriados
  7066 | D:7      | Reached skill level 8 in Axes
  7072 | D:7      | Learned a level 3 spell: Ozocubu's Armour
  7169 | D:8      | Reached skill level 5 in Invocations
  7383 | D:8      | Noticed an orange demon
  7433 | D:7      | Upgraded the game from 0.31-a0-117-g42d8f58691 to
                  | 0.31-a0-145-g046c7d2549
  8552 | D:7      | Reached skill level 5 in Short Blades
  8552 | D:7      | Reached skill level 5 in Long Blades
  8552 | D:7      | Reached skill level 5 in Maces & Flails
  8552 | D:7      | Reached skill level 5 in Polearms
  8552 | D:7      | Reached skill level 5 in Staves
  8552 | D:7      | Reached skill level 5 in Ranged Weapons
  8552 | D:7      | Reached skill level 5 in Throwing
  8552 | D:7      | Reached skill level 5 in Armour
  8552 | D:7      | Reached skill level 5 in Stealth
  8552 | D:7      | Reached skill level 5 in Shields
  8552 | D:7      | Reached skill level 5 in Unarmed Combat
  8552 | D:7      | Reached skill level 5 in Evocations
  8552 | D:7      | Reached XP level 10. HP: 31/74 MP: 20/20
  8691 | D:7      | Learned a level 3 spell: Confusing Touch
  8886 | D:8      | Noticed Maurice
  9142 | D:8      | Killed an orange demon
  9143 | D:8      | Upgraded the game from 0.31-a0-145-g046c7d2549 to
                  | 0.31-a0-149-g3fdcc5976a
  9301 | D:8      | Killed Amaemon
 10419 | D:9      | Noticed a centaur warrior
 10507 | D:8      | Learned a level 4 spell: Dispel Undead
 10537 | D:9      | HP: 3/68 [centaur warrior/staff of death (8)]
 10540 | D:9      | Killed a centaur warrior
 10966 | D:9      | Found a staircase to the Lair.
 10967 | D:9      | Noticed a green ugly thing
 10975 | D:9      | Noticed a green ugly thing
 10980 | D:9      | Killed a green ugly thing
 10981 | D:9      | Reached skill level 9 in Axes
 10981 | D:9      | Reached skill level 5 in Hexes
 10981 | D:9      | Reached skill level 5 in Summonings
 10981 | D:9      | Reached skill level 5 in Necromancy
 10981 | D:9      | Reached skill level 5 in Translocations
 10981 | D:9      | Reached skill level 5 in Transmutations
 10981 | D:9      | Reached skill level 5 in Fire Magic
 10981 | D:9      | Reached skill level 5 in Ice Magic
 10981 | D:9      | Reached skill level 5 in Air Magic
 10981 | D:9      | Reached skill level 5 in Earth Magic
 10981 | D:9      | Reached skill level 5 in Poison Magic
 10986 | D:9      | Killed a green ugly thing
 10987 | D:9      | Reached XP level 11. HP: 80/85 MP: 17/23
 11076 | D:9      | Noticed a cyclops
 11767 | D:9      | Killed a cyclops
 11772 | D:9      | Noticed a centaur warrior
 12084 | D:9      | Noticed a soul eater
 12448 | D:9      | HP: 4/86 [centaur warrior/arrow (14)]
 13003 | D:5      | Killed Menkaure
 13301 | D:9      | Killed a centaur warrior
 13473 | D:9      | Found a staircase to the Orcish Mines.
 14116 | D:9      | Learned a level 3 spell: Call Canine Familiar
 14120 | D:9      | Learned a level 3 spell: Summon Guardian Golem
 14173 | D:9      | Learned a level 4 spell: Passage of Golubria
 14304 | D:9      | Noticed a two-headed ogre
 14309 | D:9      | Killed a two-headed ogre
 14465 | D:9      | Identified the staff of earth "Boadgh" {Int+3 Dex+3 Stlth-}
 14885 | Lair:1   | Entered Level 1 of the Lair of Beasts
 15008 | Lair:1   | Noticed a boulder beetle
 15048 | Lair:1   | Killed a boulder beetle
 15298 | Lair:1   | Reached XP level 12. HP: 88/94 MP: 24/24
 15772 | Lair:1   | Reached skill level 10 in Axes
 16708 | Lair:2   | Found a staircase to the Shoals.
 17001 | Lair:2   | Noticed a skyshark
 17015 | Lair:2   | Killed a skyshark
 17337 | Lair:2   | Upgraded the game from 0.31-a0-149-g3fdcc5976a to
                  | 0.31-a0-150-g89dc3ad700
 17590 | Lair:2   | You fall into a shaft and drop 1 floor!
 17591 | Lair:3   | Found a staircase to the Snake Pit.
 18094 | Lair:2   | Reached XP level 13. HP: 74/101 MP: 26/26
 18476 | Lair:3   | Reached ****** piety under Cheibriados
 18503 | Lair:3   | Learned a level 5 spell: Summon Forest
 19941 | Lair:4   | Reached skill level 10 in Spellcasting
 20010 | Lair:4   | Noticed a minotaur
 20344 | Lair:4   | Found a runed translucent gate.
 20344 | Lair:4   | Found a runed translucent gate.
 20344 | Lair:4   | Found a runed translucent gate.
 20367 | Lair:4   | Found a runed translucent door.
 20369 | Lair:4   | Found a viscous altar of Jiyva.
 20370 | Lair:4   | Found a staircase to the Slime Pits.
 20370 | Lair:4   | Noticed an acid blob
 20370 | Lair:4   | Noticed an acid blob
 20601 | Lair:4   | Noticed Bekuax's ghost (journeyman MfIE)
 21366 | Lair:5   | Entered Level 5 of the Lair of Beasts
 21601 | Lair:5   | Reached skill level 10 in Fighting
 21601 | Lair:5   | Reached skill level 11 in Axes
 21601 | Lair:5   | Reached skill level 10 in Dodging
 22965 | Lair:5   | Reached XP level 14. HP: 110/110 MP: 17/28
 22996 | Lair:5   | Reached skill level 10 in Invocations
 23960 | Lair:5   | Paralysed by a hornet for 1 turns
 24596 | Orc:1    | Entered Level 1 of the Orcish Mines
 24596 | Orc:1    | Found Xukhoewa's Antique Weapon Shoppe.
 24862 | Orc:1    | Noticed an orc warlord
 25494 | Snake:1  | Entered Level 1 of the Snake Pit
 27179 | Snake:1  | Found Javex's CLEARANCE SALE!.
 27610 | Snake:2  | Reached skill level 10 in Conjurations
 28065 | Snake:2  | Found Acopsapp's Armour Shop.
 28137 | Snake:1  | HP: 5/113 [poisoned by a naga mage (splash of poison)]
 28729 | Snake:1  | Found Javex's CLEARANCE SALE!.
 29169 | Snake:1  | Reached skill level 10 in Short Blades
 29169 | Snake:1  | Reached skill level 10 in Long Blades
 29169 | Snake:1  | Reached skill level 10 in Maces & Flails
 29169 | Snake:1  | Reached skill level 10 in Polearms
 29169 | Snake:1  | Reached skill level 10 in Staves
 29169 | Snake:1  | Reached skill level 10 in Ranged Weapons
 29169 | Snake:1  | Reached skill level 10 in Throwing
 29169 | Snake:1  | Reached skill level 10 in Armour
 29169 | Snake:1  | Reached skill level 10 in Stealth
 29169 | Snake:1  | Reached skill level 10 in Shields
 29169 | Snake:1  | Reached skill level 10 in Unarmed Combat
 29169 | Snake:1  | Reached skill level 10 in Evocations
 29658 | Snake:2  | Reached XP level 15. HP: 118/118 MP: 24/30
 29873 | Snake:2  | Reached skill level 12 in Axes
 30337 | Snake:2  | Found a hazy altar of Hepliaklqana.
 30610 | Lair:5   | Paralysed by a hornet for 3 turns
 31559 | Snake:4  | Entered Level 4 of the Snake Pit
 31892 | Snake:4  | Upgraded the game from 0.31-a0-150-g89dc3ad700 to
                  | 0.31-a0-152-g6aa68a64a1
 31892 | Snake:4  | Noticed Nikola
 31895 | Snake:4  | Killed from afar by Nikola

Illustrated notes

Levels and vault maps discovered:
D:1:      co_arrival_random_square_maze, layout_basic, basic_ecumenical_altar
D:2:      layout_loops_ring
D:3:      layout_basic, tgw_kikubaaqudgha, serial_curves, eino_curves_03,
          eino_curves_04, uniq_sigmund
D:4:      layout_rooms, chequers_temple_overflow_statue_of_worship,
          nicolae_ossuary_entry_ruins
D:5:      layout_loops_ring, temple_garden, uniq_menkaure, uniq_ijyb,
          uniq_edmund, uniq_prince_ribbit1
D:6:      layout_loops_ring, roderic_filled_cross
D:7:      layout_cave_pools, nicolae_overflow_hallway_of_the_gods,
          nicolae_ashenzari_skybound
D:8:      layout_cave_pools, nicolae_gozag_cash_rules_everything_around_me,
          roderic_lattice_a, minmay_door_square, uniq_maurice, uniq_amaemon
D:9:      minmay_the_grid_octo_2x2 [minmay_the_grid_octo_vomiting_pacman,
          minmay_the_grid_octo_clover, minmay_the_grid_octo_toaster,
          minmay_the_grid_octo_prize_ultimate_mussel_roller], layout_cave_pools,
          lair_entry_dummy, david_orc_3, kennysheep_generic_room_4
Lair:1:   layout_chaotic_city, infiniplex_staircase_pool
Lair:2:   layout_misc_corridors, nicolae_shoals_entry_roost
Lair:3:   layout_regular_city, minmay_snake_entry_spellcaster
Lair:4:   layout_hall_layers, slime_entry_2, maelrawn_ghost_gauntlet_escape
Lair:5:   minmay_lair_end_enchanted_forest, layout_regular_city
Snake:1:  layout_gridlike, nicolae_shop_clearance
Snake:2:  layout_honeycomb, serial_shops, shop, basic_altar
Snake:3:  layout_onion_interference, serial_shops, shop,
          nicolae_elevator_lobby_plus
Snake:4:  johnstein_snake_rune_scales, layout_misc_corridors, serial_shops,
          nicolae_shop_bloodbath_and_beyond, hangedman_snake_thin_pillar_pass,
          uniq_roxanne, uniq_louise, uniq_mara, uniq_nikola
Orc:1:    layout_caves, serial_shops, shop, uniq_jorgrun

Skill      XL: |  1  2  3  4  5  6  7  8  9 10 11 12 13 14 15 |
---------------+----------------------------------------------+-----
Spellcasting   | 5 6 7 8 9 10 11 | 11.4
Invocations    | 1 2 3 4 5 6 7 8 9 10 11 | 11.2
Short Blades   | 1 2 3 5 6 7 8 9 10 | 10.3
Long Blades    | 1 2 3 5 6 7 8 9 10 | 10.3
Maces & Flails | 1 2 3 5 6 7 8 9 10 | 10.3
Polearms       | 1 2 3 5 6 7 8 9 10 | 10.3
Staves         | 1 2 3 5 6 7 8 9 10 | 10.3
Ranged Weapons | 1 2 3 5 6 7 8 9 10 | 10.3
Throwing       | 1 2 3 5 6 7 8 9 10 | 10.3
Armour         | 1 2 3 5 6 7 8 9 10 | 10.3
Stealth        | 1 2 3 5 6 7 8 9 10 | 10.3
Shields        | 1 2 3 5 6 7 8 9 10 | 10.3
Unarmed Combat | 1 2 3 5 6 7 8 9 10 | 10.3
Evocations     | 1 2 3 5 6 7 8 9 10 | 10.3
Hexes          | 1 2 3 4 5 6 7 8 |  8.6
Summonings     | 1 2 3 4 5 6 7 8 |  8.6
Necromancy     | 1 2 3 4 5 6 7 8 |  8.6
Translocations | 1 2 3 4 5 6 7 8 |  8.6
Transmutations | 1 2 3 4 5 6 7 8 |  8.6
Fire Magic     | 1 2 3 4 5 6 7 8 |  8.6
Ice Magic      | 1 2 3 4 5 6 7 8 |  8.6
Air Magic      | 1 2 3 4 5 6 7 8 |  8.6
Earth Magic    | 1 2 3 4 5 6 7 8 |  8.6
Poison Magic   | 1 2 3 4 5 6 7 8 |  8.6
Fighting       | 5 6 7 8 9 10 11 | 11.2
Dodging        | 5 6 7 8 9 10 11 | 11.2
Axes           | 7 8 9 10 11 12 | 12.1
Conjurations   | 6 7 8 9 10 | 10.2

Action                     |  1- 3 |  4- 6 |  7- 9 | 10-12 | 13-15 || total
---------------------------+-------+-------+-------+-------+-------++-------
  Melee: Hand axe          |    20 |       |       |       |       ||    20
         Bite              |     7 |    25 |    24 |    40 |    60 ||   156
         Short sword       |    64 |   218 |   124 |    44 |       ||   450
         Punch             |     1 |     7 |     5 |    11 |    20 ||    44
         Whip              |       |       |    45 |       |   259 ||   304
         Spear             |       |       |     4 |       |       ||     4
         Dire flail        |       |       |       |    67 |       ||    67
         Flail             |       |       |       |   182 |    87 ||   269
         Great sword       |       |       |       |       |     2 ||     2
  Throw: Stone             |       |     3 |    26 |       |       ||    29
         Boomerang         |       |       |       |    60 |    20 ||    80
   Cast: Kiss of Death     |     1 |       |     3 |     2 |       ||     6
         Momentum Strike   |     2 |     8 |    30 |    19 |     2 ||    61
         Hailstorm         |       |       |    24 |    50 |       ||    74
         Ozocubu's Armour  |       |       |       |    16 |       ||    16
         Confusing Touch   |       |       |       |     5 |     2 ||     7
         Summon Guardian G |       |       |       |    39 |   109 ||   148
         Call Canine Famil |       |       |       |    31 |   102 ||   133
         Summon Forest     |       |       |       |       |    44 ||    44
 Invoke: Slouch            |       |       |       |     5 |     1 ||     6
         Bend Time         |       |       |       |     1 |     1 ||     2
         Temporal Distorti |       |       |       |     3 |       ||     3
         Step From Time    |       |       |       |       |     1 ||     1
    Use: Scroll            |       |     6 |       |    17 |     6 ||    29
         Potion            |       |       |     2 |     4 |       ||     6
   Stab: Sleeping          |     1 |     3 |     7 |       |       ||    11
         Confused          |       |       |       |     2 |     3 ||     5
         Distracted        |       |       |       |     5 |    10 ||    15
 Armour: Leather armour    |    24 |    39 |     6 |       |       ||    69
         Ring mail         |       |       |    22 |    83 |       ||   105
         Chain mail        |       |       |       |    86 |   121 ||   207
  Dodge: Dodged            |    64 |   102 |   170 |   353 |   307 ||   996
  Block: Buckler           |       |       |       |       |    16 ||    16

Table legend: (Time is in decaauts)
 A = Elapsed time spent in this place.
 B = Non-inter-level travel time spent in this place.
 C = Inter-level travel time spent in this place.
 D = Time resting spent in this place.
 E = Time spent auto-exploring this place.
 F = Levels seen in this place.
 G = Mean time per level.
                   A        B        C        D        E       F      G
               +--------+--------+--------+--------+--------+-----+--------+
         Total |  44281 |  40228 |   4053 |  13638 |   9462 |  20 | 2214.1 |
       Dungeon |  19226 |  17345 |   1881 |   6266 |   4692 |   9 | 2136.2 |
          Lair |  15150 |  13928 |   1222 |   4236 |   2923 |   5 | 3030.0 |
     Snake Pit |   8118 |   7208 |    910 |   2396 |   1846 |   4 | 2029.5 |
  Orcish Mines |    949 |    910 |     39 |    519 |      0 |   1 |  949.0 |
       Ossuary |    836 |    836 |      0 |    220 |      0 |   1 |  836.0 |
               +--------+--------+--------+--------+--------+-----+--------+

Top non-repeatable levels by time:
 Snake:1: 5605 daAuts
  Lair:5: 5104 daAuts
     D:7: 3967 daAuts
     D:9: 3799 daAuts
     D:8: 3580 daAuts
  Lair:3: 2765 daAuts
  Lair:1: 2714 daAuts
  Lair:4: 2327 daAuts
  Lair:2: 2239 daAuts
 Snake:2: 2049 daAuts
     D:5: 1876 daAuts
     D:6: 1439 daAuts
     D:2: 1278 daAuts
     D:1: 1239 daAuts
     D:4: 1192 daAuts
